 Dungeon Crawl Stone Soup version 0.21-a0-150-gc243083 (webtiles) character file.

274 tehllama the Digger (level 6, 0/32 HPs)
             Began as a Gargoyle Earth Elementalist on July 28, 2017.
             Killed from afar by an orc wizard (7 damage)
             ... with a magic dart
             ... on level 4 of the Dungeon.
             The game lasted 00:10:56 (3881 turns).

tehllama the Digger (Gargoyle Earth Elementalist)   Turns: 3881, Time: 00:10:56

Health: 0/32       AC:  6    Str: 11    XL:     6   Next: 24%
Magic:  11/11      EV: 12    Int: 18    God:
Gold:   217        SH:  0    Dex: 10    Spells: 3/12 levels left

rFire    + . .     SeeInvis .   v - +0 mace
rCold    . . .     Gourm    .   (no shield)
rNeg     + . .     Faith    .   c - +0 robe
rPois    ∞         Spirit   .   (no helmet)
rElec    +         Reflect  .   (no cloak)
rCorr    .         Harm     .   (no gloves)
MR       .....                  (no boots)
Stlth    ++........             (no amulet)
HPRegen  0.10/turn              k - ring of protection from fire
MPRegen  0.12/turn              (no ring)

@: no status effects
A: negative energy resistance 1, electricity resistance, unbreathing,
petrification resistance, rot immunity, AC +4
a: no special abilities


You were on level 4 of the Dungeon.
You were hungry.

You visited 1 branch of the dungeon, and saw 4 of its levels.

You collected 217 gold pieces.

Inventory:

Hand Weapons
 v - a +0 mace (weapon)
Missiles
 b - 83 stones (quivered)
Armour
 c - a +0 robe (worn)
 p - a +1 buckler
Jewellery
 k - a ring of protection from fire (left hand)
Wands
 s - a wand of random effects (39/48)
Scrolls
 a - 2 scrolls of fog
 f - 2 scrolls of teleportation
 g - a scroll of identify
 n - 2 scrolls of remove curse
 o - 3 scrolls of fear
Potions
 h - a potion of mutation
 i - a potion of flight {unknown}
 l - a potion of resistance {unknown}
 m - a potion of curing
Books
 e - a book of Geomancy

   Spells                             Type                      Level
   a - Sandblast                      Earth                        1
   b - Passwall                       Transmutation/Earth          2
   c - Stone Arrow                    Conjuration/Earth            3
   d - Petrify                        Transmutation/Earth          4
   e - Lee's Rapid Deconstruction     Earth                        5
Comestibles
 d - 2 bread rations
 j - 13 fruits
 q - 2 meat rations
 r - a royal jelly


   Skills:
 - Level 1.5 Dodging
 - Level 2.1 Stealth
 + Level 3.8 Spellcasting
 + Level 3.1 Conjurations
   Level 0.7 Transmutations
 + Level 5.7 Earth Magic


You had 3 spell levels left.
You knew the following spells:

 Your Spells              Type           Power        Failure   Level  Hunger
a - Sandblast             Erth           ###...       1%          1    None
b - Stone Arrow           Conj/Erth      ###...       8%          3    ###....
c - Lee's Rapid Deconstr  Erth           ###.......   36%         5    ######.


Dungeon Overview and Level Annotations

Branches:
Dungeon (4/15)
 Temple: D:4-7

Altars:
Nemelex Xobeh


Innate Abilities, Weirdness & Mutations

You are resistant to torment.
Your stone body is resilient. (AC +4)
You are immune to poison.
You resist negative energy. (rN+)
You are resistant to electric shocks. (rElec)
You can survive without breathing.
You are immune to petrification.
You are immune to rotting.


Message History

The magic dart hits you!
You barely miss something.
You hear some strange, mumbled words.
Something tries to affect you, but you resist.
Something hits you but does no damage.
Casting: Sandblast
Confirm with . or Enter, or press ? or * to list all spells.
You can't see any susceptible monsters within range! (Use Z to cast anyway.) Throwing (i - inventory):
b - 83 stones (quivered)
Press: ? - help, Shift-Dir - straight line, f - you
Okay, then.
Something hits you.
A magic dart appears from out of thin air!
The magic dart hits you!
A magic dart appears from out of thin air!
The magic dart hits you!
* * * LOW HITPOINT WARNING * * *
A magic dart appears from out of thin air!
The magic dart hits you!
You die...

#..#####.##.........#
#.............#######
#####.##......#
#........##
####.....# ##...##
#...# #...# #@..#
#...# #...#
########...#####
#...............
#...............
#...............
#.######...##### #.#
#...#


There were no monsters in sight!

Vanquished Creatures
  A scorpion (D:4)
  2 hounds
  An orc wizard (D:3)
  Natasha (D:4)
  3 adders (D:2)
  An ooze (D:2)
  3 worms (D:3)
  2 dart slugs
  A leopard gecko (D:3)
  4 orcs (D:3)
  6 bats
  3 giant cockroaches
  8 goblins
  6 hobgoblins
  3 jackals (D:2)
  2 quokkas (D:2)
  3 frilled lizards (D:2)
  5 kobolds
  A quokka skeleton (D:3)
  7 rats (D:2)
63 creatures vanquished.

Notes
Turn   | Place    | Note
-------+----------+-------------------------------------------
     0 | D:1      | tehllama the Gargoyle Earth Elementalist began the quest for the Orb.
     0 | D:1      | Reached XP level 1. HP: 10/10 MP: 3/3
   319 | D:1      | Reached XP level 2. HP: 14/15 MP: 1/5
   392 | D:1      | Reached skill level 4 in Earth Magic
   933 | D:2      | Found a sparkling altar of Nemelex Xobeh.
  1091 | D:2      | Reached XP level 3. HP: 9/19 MP: 2/6
  1096 | D:2      | Learned a level 3 spell: Stone Arrow
  1839 | D:2      | Reached skill level 1 in Conjurations
  1942 | D:2      | Reached XP level 4. HP: 19/24 MP: 6/8
  2710 | D:3      | Reached skill level 5 in Earth Magic
  3122 | D:3      | Reached XP level 5. HP: 28/28 MP: 6/9
  3787 | D:4      | Noticed Natasha
  3793 | D:4      | Killed Natasha
  3793 | D:4      | Reached XP level 6. HP: 32/32 MP: 9/11
  3800 | D:4      | Learned a level 5 spell: Lee's Rapid Deconstruction
  3881 | D:4      | Killed from afar by an orc wizard

Vault maps used:
D:1:      dpeg_arrival_tiny_a
D:2:      lemuel_round_altar, first_bread
D:3:      wad_crossroads, guppyfry_early_lair_pool
D:4:      kennysheep_mini_moat, overflow_temple_1_default, lemuel_crystal_altar,
          minmay_close_crescents, uniq_natasha

Skill      XL: |  1  2  3  4  5  6 |
---------------+-------------------+-----
Earth Magic    | 4 5 |  5.7
Conjurations   | 1 2 3 |  3.1
Spellcasting   | 3 |  3.8
Dodging        | |  1.5
Stealth        | |  2.1
Transmutations | |  0.7

Action                   |  1- 3 |  4- 6 || total
-------------------------+-------+-------++-------
Melee: Unarmed           |    21 |       ||    21
       Club              |    78 |    78 ||   156
       Mace              |       |    27 ||    27
 Cast: Sandblast         |    20 |    32 ||    52
  Use: Scroll            |       |     9 ||     9
       Potion            |       |     1 ||     1
 Stab: Sleeping          |     1 |     2 ||     3
  Eat: Chunk             |     4 |     5 ||     9
Armor: Robe              |    39 |    37 ||    76
Dodge: Dodged            |    81 |    98 ||   179
